 Dungeon Crawl Stone Soup version 0.31-a0-640-g39d97e502b (webtiles) character file.

Game seed: 7294844464030259451

79 qw the Shooter (level 4, -2/28 HPs)
             Began as a Gargoyle Hunter on Aug 27, 2023.
             Slain by Pargi (5 damage)
             ... in a sewer.
             The game lasted 00:00:37 (1855 turns).

qw the Shooter (Gargoyle Hunter)                    Turns: 1855, Time: 00:00:38

Health: -2/28      AC:  6    Str: 15    XL:     4   Next: 37%
Magic:  4/4        EV: 12    Int:  9    God:
Gold:   58         SH:  0    Dex: 15    Spells: 3/3 levels left

rFire   + . .        Y - +1 shortbow
rCold   . . .        (shield currently unavailable)
rNeg    + . .        d - +1 robe {rF+}
rPois   inf          (no helmet)
rElec   +            (no cloak)
rCorr   .            (no gloves)
SInv    .            (no boots)
Will    .....        (no amulet)
Stlth   ++           (no ring)
HPRegen 0.24/turn    (no ring)
MPRegen 0.09/turn

%: no passive effects
@: about to teleport
A: sickness immunity, AC +3, negative energy resistance 1, electricity
resistance, torment resistance 1, petrification resistance
a: no special abilities


You were in a sewer.
You visited 1 branch of the dungeon, and saw 3 of its levels.
You also visited: Sewer.

You collected 58 gold pieces.


Innate Abilities, Weirdness & Mutations

You are immune to sickness and miasma.
Your stone body is resilient. (AC +3)
You are immune to poison.
You resist negative energy. (rN+)
You are resistant to electric shocks. (rElec)
You are resistant to unholy torment.
You are immune to petrification.


   Skills:
 - Level 3.2 Fighting
 + Level 5.2 Ranged Weapons
 - Level 1.5 Dodging
 - Level 1.1 Stealth


You had 3 spell levels left.
You didn't know any spells.
Your spell library was empty.

Inventory:

Hand Weapons
 Y - a +1 shortbow (weapon)
Armour
 c - a +0 leather armour
 d - a +1 robe of fire resistance (worn)
Wands
 j - a wand of digging (5)
Scrolls
 b - a scroll of identify
 h - 3 scrolls of teleportation
Potions
 e - a potion of curing
 g - a potion of magic {unknown}
 i - a potion of brilliance {unknown}
 k - a potion of attraction {unknown}

Dungeon Overview and Level Annotations

Branches:
Dungeon (3/15)              Sewer (1/1)

Altars:
Yredelemnul

Annotations:
Sewer Pargi


Message History

Pargi is moderately wounded.
Pargi bites you. Pargi claws you but does no damage. Pargi barely misses you.
You shoot an arrow. The arrow hits Pargi.
Pargi is moderately wounded.
Pargi bites you. Pargi claws you. Pargi closely misses you.
You shoot an arrow. The arrow hits Pargi.
Pargi is moderately wounded.
Pargi bites you but does no damage. Pargi claws you.
Pargi closely misses you. x2
Pargi claws you but does no damage. x2
You shoot an arrow. The arrow hits Pargi.
Pargi is heavily wounded.
Pargi bites you but does no damage. Pargi closely misses you.
Pargi claws you but does no damage.
You shoot an arrow. The arrow barely misses Pargi.
Pargi bites you. Pargi barely misses you. Pargi closely misses you.
You shoot an arrow. The arrow misses Pargi.
Pargi closely misses you. Pargi barely misses you. x2
You shoot an arrow. The arrow closely misses Pargi.
Pargi bites you but does no damage. Pargi completely misses you.
Pargi closely misses you.
You shoot an arrow. The arrow completely misses Pargi.
Pargi misses you. Pargi claws you. Pargi claws you but does no damage.
You shoot an arrow. The arrow hits Pargi!
Pargi is heavily wounded.
Pargi bites you. Pargi closely misses you. Pargi claws you.
1852 ||| READING 4 scrolls of teleportation.
As you read the scroll of teleportation, it crumbles to dust.
You feel strangely unstable. Pargi barely misses you.
Pargi claws you but does no damage. x2
You shoot an arrow. The arrow hits Pargi!
Pargi is severely wounded.
Pargi bites you. Pargi claws you but does no damage. Pargi closely misses you.
Pargi bites you. Pargi claws you but does no damage. x2
You shoot an arrow. The arrow barely misses Pargi.
Pargi closely misses you. Pargi barely misses you.
Pargi claws you but does no damage.
You shoot an arrow. The arrow hits Pargi.
Pargi is severely wounded.
Pargi bites you.
You die...

~~###
##.#~~~~~~~~~~~~~~#
~~#
#####~~~~~~~~~~~~#
### ###~~~~~~~~~~~
# ###~~~~~~~~~
#..~~~~~~~
#.~~~~~~~~
##~~~~~~~~ #
!#######~~~~~~~~ #
..~~..T@~~~~~~~~ #
!#######~~~~~~~~ #
#.~~~~~~~ #
##.~~~~~~ ~~~~~~~
~~~~~~~ ~~~~~~~
~~~~~


You could see Pargi.

Vanquished Creatures
  Jessica (D:3)
  An adder (D:3)
  A worm (D:2)
  4 ball pythons
  2 endoplasms (D:1)
  4 giant cockroaches
  A goblin (D:2)
  2 hobgoblins (D:1)
  4 jackals (D:2)
  2 quokkas (D:2)
  A bat (D:1)
  5 frilled lizards
  3 kobolds
  9 rats
  A spectral orc (D:3)
41 creatures vanquished.

Notes
Turn   | Place    | Note
-------+----------+-------------------------------------------
     0 | D:1      | qw the Gargoyle Hunter began the quest for the Orb.
     0 | D:1      | Reached XP level 1. HP: 12/12 MP: 1/1
     0 | D:1      | 0 ||| qw: Version: 0.3-a-74-g0d5e918
     0 | D:1      | 0 ||| qw: Game counter: 185
     0 | D:1      | 0 ||| qw: Melee chars always use a shield: true
     0 | D:1      | 0 ||| qw: God list: Okawaru
     0 | D:1      | 0 ||| qw: Allow faded altars: false
     0 | D:1      | 0 ||| qw: Do Orc after clearing Dungeon:15 true
     0 | D:1      | 0 ||| qw: Do second Lair branch before Depths: true
     0 | D:1      | 0 ||| qw: Lair rune preference: random
     0 | D:1      | 0 ||| qw: Goals: Normal
     0 | D:1      | 0 ||| PLANNING D:1-11
   223 | D:1      | Reached XP level 2. HP: 11/17 MP: 2/2
   813 | D:1      | 813 ||| READING scroll labelled EGAMATTAHAU.
   814 | D:1      | 814 ||| READING 3 scrolls labelled VEMONA FAKOXI.
   819 | D:1      | 819 ||| DRINKING 2 lumpy emerald potions.
   923 | D:1      | 923 ||| DROPPING scroll of butterflies.
   924 | D:1      | 924 ||| DROPPING potion of berserk rage.
  1061 | D:2      | Reached XP level 3. HP: 18/21 MP: 3/3
  1172 | D:2      | Found a faded altar of an unknown god.
  1238 | D:2      | Reached skill level 5 in Ranged Weapons
  1619 | D:2      | 1619 ||| READING scroll labelled WETUOMN HOMIUGG.
  1620 | D:2      | 1620 ||| READING 2 scrolls labelled SOASIONYERPH.
  1621 | D:2      | 1621 ||| READING scroll labelled VYIFOEV YSTRABLECS.
  1622 | D:2      | 1622 ||| DRINKING 2 coppery potions.
  1632 | D:3      | 1632 ||| PLANNING SEWER
  1668 | D:3      | Noticed Jessica
  1674 | D:3      | Killed Jessica
  1675 | D:3      | Reached skill level 3 in Fighting
  1675 | D:3      | Reached XP level 4. HP: 23/28 MP: 4/4
  1746 | D:3      | Found a basalt altar of Yredelemnul.
  1770 | D:3      | Found a glowing drain.
  1771 | D:3      | 1771 ||| UPGRADING to +1 robe of fire resistance.
  1781 | D:3      | 1781 ||| READING scroll labelled SEUWUR LIGHUCH.
  1782 | D:3      | 1782 ||| READING 2 scrolls of identify.
  1782 | D:3      | 1782 ||| IDENTIFYING golden potion
  1783 | D:3      | 1783 ||| DROPPING potion of invisibility.
  1803 | Sewer    | Entered a sewer
  1836 | Sewer    | Noticed Pargi
  1837 | Sewer    | 1837 ||| Stepping ~*~*~tactically~*~*~ (water).
  1851 | Sewer    | HP: 6/28 [Pargi (2)]
  1852 | Sewer    | 1852 ||| READING 4 scrolls of teleportation.
  1855 | Sewer    | Slain by Pargi

Levels and vault maps discovered:
D:1:      dpeg_arrival_prison, layout_basic
D:2:      layout_rooms, serial_aquarium, aquarium_bridge_straight
          [aquarium_subvault_bridge, aquarium_subvault_window,
          aquarium_subvault_bridge, aquarium_subvault_balcony],
          aquarium_bridge_square [aquarium_subvault_bridge,
          aquarium_subvault_wall, aquarium_subvault_bridge,
          aquarium_subvault_bridge], aquarium_window_corridor_3,
          aquarium_window_fake, aquarium_window_2, aquarium_view_2e,
          aquarium_balcony_1b, aquarium_pool_four,
          chequers_ecumenical_altar_simple_redux, lightli_corner_chamber
D:3:      minmay_razor_zed, layout_basic, doesnt_xom_only_xom,
          yredelemnul_forgotten_temple_becter, portal_sewer_entry_c,
          uniq_jessica
Sewer:    sewer_co_pargi_island

Skill      XL: |  1  2  3 |
---------------+----------+-----
Ranged Weapons | 5 |  5.2
Fighting       | 3 |  3.2
Dodging        | |  1.5
Stealth        | |  1.1

Action                     |  1- 3 |  4- 6 || total
---------------------------+-------+-------++-------
   Fire: Shortbow          |    92 |    36 ||   128
    Use: Scroll            |     5 |     3 ||     8
         Potion            |     2 |       ||     2
 Armour: Leather armour    |    14 |     2 ||    16
         Robe              |       |    27 ||    27
  Dodge: Dodged            |    17 |    31 ||    48

Table legend:
 A = Non-vault XP
 B = Vault XP
 C = Vault XP percentage of total XP
 D = Non-vault monster count
 E = Vault monster count
 F = Vault count percentage of total count
                 A         B        C        D         E       F
            +---------+---------+-------+---------+---------+-------
      Total |      61 |      52 |  46.0 |      30 |      11 |  26.8
            +---------+---------+-------+---------+---------+-------
        D:1 |      20 |       0 |   0.0 |      15 |       0 |   0.0
        D:2 |      26 |       0 |   0.0 |      13 |       0 |   0.0
        D:3 |      15 |      51 |  77.3 |       2 |      10 |  83.3
      Sewer |       0 |       1 | 100.0 |       0 |       1 | 100.0
            +---------+---------+-------+---------+---------+-------
